 Dungeon Crawl Stone Soup version 0.29.1-15-g9cfb28693d (webtiles) character file.

Game seed: 15069060307228061911

9310 BuddhaDhamma the Severer (level 11, -10/82 HPs)
             Began as a Minotaur Berserker on Feb 24, 2023.
             Was an Elder of Trog.
             Mangled by a shadow (32 damage)
             ... on level 9 of the Dungeon.
             The game lasted 00:29:35 (11355 turns).

BuddhaDhamma the Severer (Minotaur Berserker)      Turns: 11355, Time: 00:29:36

Health: -10/82     AC: 11    Str: 26    XL:     11   Next: 21%
Magic:  10/10      EV: 11    Int:  4    God:    Trog [****..]
Gold:   605        SH:  0    Dex: 13    Spells: 10/10 levels left

rFire   . . .      SeeInvis .   f - +4 executioner's axe (freeze)
rCold   . . .      Faith    .   (shield currently unavailable)
rNeg    . . .      Spirit   .   o - +0 plate armour
rPois   +          Reflect  .   k - +0 hat "Sietrygu" {Harm rPois Will- Dex+3}
rElec   .          Harm     +   h - scarf {repulsion}
rCorr   .          Rampage  .   (no gloves)
Will    +....                   (no boots)
Stlth   ..........              (no amulet)
HPRegen 1.23/turn               v - +4 ring of evasion
MPRegen 0.12/turn               (no ring)

@: strong-willed, regenerating, repel missiles
A: horns 2, retaliatory headbutt
a: Renounce Religion, Berserk, Trog's Hand, Brothers in Arms


You were on level 9 of the Dungeon.
You worshipped Trog.
Trog was greatly pleased with you.
You visited 1 branch of the dungeon, and saw 9 of its levels.
You also visited: Sewer.

You collected 605 gold pieces.

Inventory:

Hand Weapons
 f - a +4 executioner's axe of freezing (weapon)
Missiles
 d - 29 stones (quivered)
 t - 2 throwing nets
Armour
 h - a scarf of repulsion (worn)
 k - the +0 hat "Sietrygu" (worn) {Harm rPois Will- Dex+3}
   (You acquired it on level 5 of the Dungeon)

   Dex:       It affects your dexterity (+3).
   rPois:     It protects you from poison.
   Harm:      It increases damage dealt and taken.
   Will:      It decreases your willpower.
 o - a +0 plate armour (worn)
Jewellery
 v - a +4 ring of evasion (left hand)
Wands
 a - a wand of flame (27)
 p - a wand of roots (2)
 r - a wand of polymorph (10)
 s - a wand of digging (7)
 w - a wand of mindburst (15)
 x - a wand of quicksilver (2)
Scrolls
 j - a scroll of blinking
 l - a scroll of teleportation
 q - a scroll of magic mapping
 y - a scroll of fog
Potions
 b - 4 potions of mutation
 c - a potion of haste
 e - 2 potions of experience
 g - 3 potions of might
 i - 6 potions of curing
 m - 2 potions of invisibility
 n - 2 potions of heal wounds
 u - 2 potions of lignification


   Skills:
 - Level 3.6 Fighting
 + Level 19.9 Axes
 + Level 2.8 Throwing
 - Level 2.4 Armour
 - Level 2.1 Dodging
 + Level 1.6 Stealth
 + Level 0.1 Evocations


You had 10 spell levels left.
You didn't know any spells.
Your spell library was empty.

Dungeon Overview and Level Annotations

Branches:
Dungeon (9/15)             Temple (0/1) D:6             Orc (0/2) D:9
  Sewer (visited)
   Lair: D:8-11

Altars:
Hepliaklqana
Makhleb
Uskayaw
The Shining One


Innate Abilities, Weirdness & Mutations

You have a pair of horns on your head.
You reflexively headbutt those who attack you in melee.


Message History

You slice the phantom!! You freeze the phantom.
The phantom is almost destroyed.
The phantom hits you but does no damage.
You closely miss the phantom. Your headbutt misses the phantom.
The phantom is almost destroyed.
The phantom hits you but does no damage.
You closely miss the phantom.
The phantom is almost destroyed.
The phantom hits you but does no damage.
You closely miss the phantom. Your headbutt misses the phantom.
The phantom is almost destroyed.
The phantom hits you.
The phantom blinks!
You blink.
You slash the phantom!
You destroy the phantom!
Trog accepts your kill.
The shadow strikes at you from the darkness!
Reactivating autopickup.
The shadow barely misses you.
You hit the shadow. You headbutt the shadow.
The shadow is heavily damaged.
The shadow barely misses you.
You barely miss the shadow. Your headbutt misses the shadow.
The shadow is moderately damaged.
The shadow hits you.
You hit the shadow.
The shadow is heavily damaged.
The shadow slips into darkness.
The shadow flickers and vanishes!
Deactivating autopickup; reactivate with Ctrl-A.
You hit something. Your headbutt misses something.
The shadow strikes at you from the darkness!
* * * LOW HITPOINT WARNING * * *
Reactivating autopickup.
You slash the shadow!
You destroy the shadow!
Trog accepts your kill.
Your skin crawls.
You feel strong-willed.
The shadow strikes at you from the darkness!
You die...

.>...... #......
#.....{ #...Z.#
####ZW# #..# # #).#
#.###############).#
#..@.ZZ.ZZ..Z...ZZ.#
#######.#####.#.#..#
#.###..###...#
#..#.#..#..#.#
##..###...###.
#.#..#..#..# .
####...###...#
#.#..#..#..#..
#...###...###.


You could see a hobgoblin zombie, 2 orc zombies and an ogre zombie.

Vanquished Creatures
  A two-headed ogre (D:9)
  Amaemon (D:8)
  Pikel (D:7)
  An orange demon (D:8)
  A kobold demonologist (D:9)
  A troll (D:9)
  A shadow (D:9)
  2 wyverns (D:8)
  Edmund (D:6)
  2 steam dragons (D:8)
  Duvessa (D:5)
  6 water moccasins
  Pargi (Sewer)
  4 orc warriors
  An ice beast (D:8)
  3 sky beasts
  3 black bears
  5 ogres
  3 centaurs
  2 phantoms
  3 lemures (D:7)
  6 kobold brigands
  2 bullfrogs
  2 necrophages
  A gnoll sergeant (D:9)
  4 scorpions
  Dowan (D:5)
  9 wights
  8 howler monkeys
  9 hounds
  6 orc priests
  2 jellies
  4 gnoll boudas (D:5)
  Terence (D:1)
  3 iguanas (D:4)
  13 orc wizards
  Robin (D:4)
  40 gnolls
  11 adders
  3 river rats (D:3)
  A shadow imp (D:6)
  A white imp (D:7)
  A dart slug (D:4)
  55 orcs
  7 ball pythons
  7 endoplasms
  2 giant cockroaches
  19 goblins
  5 hobgoblins
  20 jackals
  20 kobolds
  A quokka (D:3)
  3 bats
  8 frilled lizards
  3 rats
  A spectral goblin (D:9)
324 creatures vanquished.

Vanquished Creatures (others)
  A kobold (D:8)
1 creature vanquished.

Grand Total: 325 creatures vanquished

Notes
Turn   | Place    | Note
-------+----------+-------------------------------------------
     0 | D:1      | BuddhaDhamma the Minotaur Berserker began the quest for the
                  | Orb.
     0 | D:1      | Reached XP level 1. HP: 19/19 MP: 0/0
   261 | D:1      | Reached skill level 4 in Axes
   706 | D:1      | Reached XP level 2. HP: 20/26 MP: 1/1
   983 | D:1      | Found a faded altar of an unknown god.
  1321 | D:1      | Reached XP level 3. HP: 24/31 MP: 2/2
  1329 | D:1      | Reached skill level 5 in Axes
  1601 | D:2      | Noticed Terence
  1625 | D:1      | Killed Terence
  1626 | D:1      | Reached skill level 6 in Axes
  1626 | D:1      | Reached XP level 4. HP: 39/39 MP: 3/3
  1646 | D:2      | Reached ** piety under Trog
  2100 | D:2      | Identified a scroll of acquirement
  2100 | D:2      | Acquired a +3 executioner's axe of freezing
  2168 | D:3      | Reached skill level 1 in Throwing
  2441 | D:3      | Identified the +6 whip "Dunuetuf" {freeze, MP+9}
  2493 | D:3      | Reached XP level 5. HP: 45/45 MP: 4/4
  2520 | D:3      | Reached skill level 7 in Axes
  2716 | D:3      | Found a glowing drain.
  2722 | Sewer    | Entered a sewer
  2763 | Sewer    | Noticed Pargi
  2767 | Sewer    | Killed Pargi
  2768 | Sewer    | Reached skill level 8 in Axes
  2768 | Sewer    | Reached XP level 6. HP: 47/51 MP: 5/5
  2963 | D:3      | Found a glowing golden altar of the Shining One.
  2963 | D:3      | Found a burning altar of Makhleb.
  3020 | D:3      | Found a hide-covered altar of Uskayaw.
  3377 | D:4      | Reached skill level 9 in Axes
  3400 | D:4      | Reached *** piety under Trog
  3423 | D:4      | Reached XP level 7. HP: 57/57 MP: 6/6
  3790 | D:4      | Reached skill level 10 in Axes
  4360 | D:4      | Noticed Robin
  4366 | D:4      | Killed Robin
  4653 | D:5      | Entered Level 5 of the Dungeon
  4810 | D:5      | Reached skill level 11 in Axes
  5062 | D:5      | Reached XP level 8. HP: 60/64 MP: 7/7
  5062 | D:5      | Reached **** piety under Trog
  5291 | D:5      | Reached skill level 12 in Axes
  5736 | D:5      | Reached skill level 13 in Axes
  5753 | D:5      | Noticed Duvessa
  5753 | D:5      | Noticed Dowan
  5787 | D:5      | Killed Dowan
  5790 | D:5      | Killed Duvessa
  6045 | D:5      | Reached XP level 9. HP: 41/70 MP: 8/8
  6567 | D:5      | Acquired the +0 hat "Sietrygu" {Harm rPois Will- Dex+3}
  6579 | D:6      | Reached skill level 14 in Axes
  6902 | D:6      | Noticed Edmund
  6922 | D:6      | Killed Edmund
  6927 | D:6      | Reached skill level 1 in Stealth
  7125 | D:6      | Identified the +1 ring mail of the Arcane {+Blink}
  7138 | D:6      | Reached skill level 15 in Axes
  7418 | D:6      | Reached ***** piety under Trog
  7766 | D:6      | Found a staircase to the Ecumenical Temple.
  8019 | D:6      | Reached skill level 16 in Axes
  8087 | D:6      | Received a gift from Trog
  8272 | D:7      | Reached XP level 10. HP: 66/77 MP: 9/9
  8754 | D:7      | Noticed Pikel
  8758 | D:7      | Reached skill level 17 in Axes
  8764 | D:7      | Killed Pikel
  9092 | D:8      | Noticed Amaemon
  9092 | D:8      | Noticed an orange demon
  9095 | D:8      | Killed Amaemon
  9099 | D:8      | Killed an orange demon
  9100 | D:8      | Reached skill level 18 in Axes
  9431 | D:8      | Found a flagged portal.
  9955 | D:8      | Reached skill level 19 in Axes
 10497 | D:9      | Reached XP level 11. HP: 82/82 MP: 10/10
 10736 | D:9      | Identified the +1 leather armour of the Orb Guardian {Int-3
                  | Dex+6}
 10799 | D:9      | Noticed a two-headed ogre
 10808 | D:9      | Killed a two-headed ogre
 11146 | D:9      | Found a hazy altar of Hepliaklqana.
 11321 | D:9      | Found a staircase to the Orcish Mines.
 11355 | D:9      | Mangled by a shadow

Illustrated notes

Levels and vault maps discovered:
D:1:      scummos_arrival_gate, layout_basic,
          hellmonk_ecumenical_altar_dog_temple
D:2:      layout_rooms, minmay_diced_spiral, uniq_terence
D:3:      layout_basic, gammafunk_temple_overflow_elements,
          nicolae_uskayaw_murder_on_the_dancefloor, lightli_sewer_entry_pipes,
          kennysheep_donut, kennysheep_generic_room_11
D:4:      layout_loops_ring, serial_rivers, chequers_serial_rivers_micro_b,
          chequers_serial_rivers_room_a, chequers_serial_rivers_micro_c,
          chequers_serial_rivers_room_a, chequers_serial_rivers_small_b,
          minmay_fractal_squares_diagonal_5, uniq_robin
D:5:      lemuel_castle_with_subvaults [lemuel_castle_interior_carwin_2],
          layout_basic, uniq_duvessa
D:6:      minmay_razor_zed, layout_loops_corners, minmay_temple_entry_poolview,
          serial_park_tiny_pond, uniq_edmund
D:7:      layout_basic, uniq_pikel
D:8:      layout_loops_corners, enter_bailey_5, grunt_tough_drop, uniq_amaemon
D:9:      layout_basic, nicolae_hepliaklqana_monster_ancestors,
          zombieorc2_lemuel, kennysheep_doodads

Skill      XL: |  1  2  3  4  5  6  7  8  9 10 |
---------------+-------------------------------+-----
Axes           | 4 6 8 9 11 13 16 19 | 19.9
Throwing       | 1 2 |  2.8
Stealth        | 1 |  1.6
Fighting       | |  3.6
Armour         | |  2.4
Dodging        | |  2.1
Evocations     | |  0.1

Action                   |  1- 3 |  4- 6 |  7- 9 | 10-12 || total
-------------------------+-------+-------+-------+-------++-------
Melee: Hand axe          |    57 |    11 |       |       ||    68
       Headbutt          |     9 |    13 |    27 |    21 ||    70
       Punch             |     1 |       |       |       ||     1
       Executioner's axe |       |    93 |   235 |   169 ||   497
Throw: Stone             |     1 |       |    31 |     3 ||    35
Invok: Berserk           |     1 |       |     3 |     2 ||     6
       Trog's Hand       |       |       |     4 |     4 ||     8
Evoke: Wand              |       |       |     1 |       ||     1
  Use: Scroll            |       |     9 |     9 |     2 ||    20
       Potion            |       |       |     3 |       ||     3
Armor: Ring mail         |    13 |    19 |       |       ||    32
       Chain mail        |       |    64 |    26 |       ||    90
       Plate armour      |       |       |   151 |    70 ||   221
       Skin              |       |       |    18 |       ||    18
Dodge: Dodged            |    43 |    66 |   169 |    51 ||   329
       Repelled          |       |       |     2 |       ||     2
